 Dungeon Crawl Stone Soup version 0.25-a0-661-g55ea3d2053 (webtiles) character file.

Game seed: 13372632510637948091, levelgen mode: deterministic

71 Amnesiac the Cutter (level 4, -1/45 HPs)
             Began as a Halfling Monk on Mar 23, 2020.
             Slain by a gnoll
             ... wielding a +0 halberd
              (10 damage)
             ... on level 2 of the Dungeon.
             The game lasted 00:02:15 (1247 turns).

Amnesiac the Cutter (Halfling Monk)                 Turns: 1247, Time: 00:02:16

Health: -1/45      AC:  3    Str: 12    XL:     4   Next: 47%
Magic:  4/4        EV: 15    Int:  8    God:
Gold:   73         SH:  0    Dex: 17    Spells: 3/3 levels left

rFire    + . .     SeeInvis .   a - +0 short sword
rCold    . . .     Gourm    .   (shield restricted)
rNeg     . . .     Faith    .   e - +0 leather armour (curse)
rPois    .         Spirit   .   (no helmet)
rElec    .         Reflect  .   (no cloak)
rCorr    .         Harm     .   (no gloves)
MR       .....                  (no boots)
Stlth    ..........             (no amulet)
HPRegen  0.15/turn              h - ring of attention (curse)
MPRegen  0.09/turn              f - ring of protection from fire

@: berserking (expiring), very quick
A: small, mutation resistance 1
a: no special abilities


You were on level 2 of the Dungeon.
You were not hungry.

You visited 1 branch of the dungeon, and saw 2 of its levels.

You collected 73 gold pieces.

Inventory:

Hand Weapons
 a - a +0 short sword (weapon)
Missiles
 d - 14 poisoned darts (quivered)
Armour
 b - a +0 robe
 e - a cursed +0 leather armour (worn)
Jewellery
 f - a ring of protection from fire (right hand)
 h - a cursed ring of attention (left hand)
Scrolls
 k - a scroll of identify {!r, unknown}
 l - a scroll of immolation {!r, unknown}
Comestibles
 c - 3 rations


   Skills:
 - Level 2.6 Fighting
 + Level 4.5 Short Blades
 - Level 3.2 Dodging
 * Level 4.4 Stealth


You had 3 spell levels left.
You didn't know any spells.
Your spell library was empty.

Dungeon Overview and Level Annotations

Branches:
Dungeon (2/15)

Altars:


Innate Abilities, Weirdness & Mutations

You are small and have problems with some larger weapons.
You are somewhat resistant to further mutation.


Message History

You hit the adder.
You kill the adder!
Your Stealth skill increases to level 4!
Found an opal ring.
The crimson imp blinks!
Found a dagger.
You see here an opal ring.
f - an opal ring The ooze barely misses you.
Found 17 gold pieces.
You see here a dagger.
An adder comes into view.
f - a ring of protection from fire (right hand)
The adder bites you.
* * * LOW HITPOINT WARNING * * *
You are poisoned.
The adder poisons you!
Really quaff
g - a potion of curing {!q}?
You feel better. The ooze hits you. The adder barely misses you.
The gnoll hits you from afar with a +0 spear.
* * * LOW HITPOINT WARNING * * *
Really quaff
j - a green potion {!q}?
It was a potion of berserk rage {!q}.
A red film seems to cover your vision as you go berserk!
You feel yourself moving faster!
You feel mighty! The adder completely misses you. The ooze misses you.
The gnoll hits you from afar with a +0 spear.
* * * LOW HITPOINT WARNING * * *
You miss the adder. The adder bites you.
* * * LOW HITPOINT WARNING * * *
The ooze closely misses you.
You puncture the adder!
You kill the adder!
You have reached level 4!
The gnoll closely misses you.
You barely miss the ooze. The ooze hits you.
* * * LOW HITPOINT WARNING * * *
You puncture the ooze!
The ooze is heavily wounded.
The gnoll closely misses you. The ooze misses you.
You puncture the ooze!
You kill the ooze!
The gnoll barely misses you. The gnoll closely misses you.
You puncture the gnoll!
The gnoll is heavily wounded.
The gnoll hits you with a +0 spear.
* * * LOW HITPOINT WARNING * * *
You barely miss the gnoll.
The gnoll is heavily wounded.
The gnoll closely misses you.
Your leather armour prevents you from hitting the gnoll.
The gnoll is heavily wounded.
The gnoll barely misses you.
You completely miss the gnoll.
The gnoll is heavily wounded.
The gnoll closely misses you.
You closely miss the gnoll.
The gnoll is heavily wounded.
The gnoll hits you but does no damage.
You puncture the gnoll!
You kill the gnoll!
The gnoll hits you from afar with a +0 halberd!
You die...

#........#
#........#
#####..###
#.5# #wK#
#.g# #lg#
##)# #@#
#.# #†#
#.# #$#
#.# #.# #)
### #. ##


You could see 2 gnolls, a crimson imp, a dart slug, a kobold and a frilled
lizard.

Vanquished Creatures
  A gnoll (D:2)
  2 adders (D:2)
  An ooze (D:2)
  A dart slug (D:1)
  3 leopard geckos
  2 giant cockroaches (D:1)
  5 goblins (D:1)
  2 hobgoblins (D:1)
  2 jackals (D:1)
  5 bats
  2 frilled lizards (D:2)
  5 kobolds (D:1)
  4 rats
35 creatures vanquished.

Notes
Turn   | Place    | Note
-------+----------+-------------------------------------------
     0 | D:1      | Amnesiac the Halfling Monk began the quest for the Orb.
     0 | D:1      | Reached XP level 1. HP: 15/15 MP: 1/1
    46 | D:2      | Noticed a crimson imp
   102 | D:1      | Reached XP level 2. HP: 8/20 MP: 2/2
   526 | D:1      | Reached XP level 3. HP: 25/25 MP: 3/3
  1237 | D:2      | Reached XP level 4. HP: 14/30 MP: 4/4
  1247 | D:2      | Slain by a gnoll

Levels and vault maps discovered:
D:1:      wander_arrival_chamber, layout_basic, minmay_tripent
D:2:      layout_rooms

Skill      XL: |  1  2  3 |
---------------+----------+-----
Stealth        | 3 4 |  4.4
Short Blades   | 4 |  4.5
Fighting       | |  2.6
Dodging        | |  3.2

Action                   |  1- 3 |  4- 6 || total
-------------------------+-------+-------++-------
Melee: Short sword       |   112 |     9 ||   121
  Use: Scroll            |     3 |       ||     3
       Potion            |     3 |       ||     3
  Eat: Chunk             |     1 |       ||     1
Armor: Leather armour    |    22 |     1 ||    23
       Robe              |     1 |       ||     1
Dodge: Dodged            |   108 |     8 ||   116

Table legend:
 A = Non-vault XP
 B = Vault XP
 C = Vault XP percentage of total XP
 D = Non-vault monster count
 E = Vault monster count
 F = Vault count percentage of total count
                 A         B        C        D         E       F
            +---------+---------+-------+---------+---------+-------
      Total |     100 |       2 |   2.0 |      33 |       2 |   5.7
            +---------+---------+-------+---------+---------+-------
        D:1 |      43 |       2 |   4.4 |      23 |       2 |   8.0
        D:2 |      57 |       0 |   0.0 |      10 |       0 |   0.0
            +---------+---------+-------+---------+---------+-------
